Selects Airborne Battlegroup
Construct Medical Station
Selects Paratrooper Squad Paradrop
Paratrooper Squad Paradrop
Selects Anti-tank Gun Team Paradrop
Anti-tank Gun Team Paradrop
M1918 Browning Automatic Rifles
Anti-tank Gun Team Paradrop
M4(105) Sherman Bulldozer
M18 Hellcat Tank Destroyer
Anti-tank Gun Team Paradrop
M18 Hellcat Tank Destroyer